 Dungeon Crawl Stone Soup version 0.18.1-50-g88ac8fd (webtiles) character file.

8 Goblin1989 the Firebug (level 2, 19/19 HPs)
             Began as a Demonspawn Fire Elementalist on Sept 18, 2017.
             Quit the game on level 1 of the Dungeon.
             The game lasted 00:01:47 (330 turns).

Goblin1989 the Firebug (DsFE)                        Turns: 330, Time: 00:01:47

Health: 19/19      AC:  2    Str:  8    XL:     2   Next: 0%
Magic:  3/5        EV: 12    Int: 16    God:
Gold:   37         SH:  0    Dex: 13    Spells: 1 memorised, 4 levels left

rFire  . . .     SeeInvis .     h - +0 hand axe
rCold  . . .     Gourm    .     a - +0 robe
rNeg   . . .     Faith    .     (no shield)
rPois  .         Spirit   .     (no helmet)
rElec  .         Dismiss  .     (no cloak)
rCorr  .         Reflect  .     (no gloves)
SustAt .         Harm     .     (no boots)
MR     .....                    (no amulet)
Stlth  ++........               (no ring)
                                (no ring)

@: not resistant to hostile enchantments, unstealthy
A: rot immunity
a: no special abilities


You were on level 1 of the Dungeon.
You were not hungry.

You visited 1 branch of the dungeon, and saw 1 of its levels.

You collected 37 gold pieces.

Inventory:

Hand Weapons
 h - a +0 hand axe (weapon)
Missiles
 f - 18 sling bullets
Armour
 a - a +0 robe (worn)
Scrolls
 g - a scroll of enchant weapon {unknown}
Books
 b - a book of Flames

   Spells                             Type                      Level
   a - Flame Tongue                   Conjuration/Fire             1
   b - Throw Flame                    Conjuration/Fire             2
   c - Conjure Flame                  Conjuration/Fire             3
   d - Inner Flame                    Hexes/Fire                   3
   e - Sticky Flame                   Conjuration/Fire             4
   f - Fireball                       Conjuration/Fire             5
Comestibles
 e - a bread ration {@e1}


   Skills:
 - Level 1.7 Dodging
 - Level 1.7 Stealth
 + Level 2.1 Spellcasting
 * Level 1.4 Conjurations
 * Level 2.9 Fire Magic


You had 4 spell levels left.
You knew the following spells:

 Your Spells              Type           Power        Failure   Level  Hunger
a - Flame Tongue          Conj/Fire      #....        10%         1    #......


Dungeon Overview and Level Annotations

Branches:
Dungeon (1/15)

Altars:


Innate Abilities, Weirdness & Mutations

You are immune to rotting.


Message History

The flame tongue hits the giant newt.
You kill the giant newt!
You now have 2/3 mp.
Magic restored.
g - a scroll labeled CYHETE IQYLUUVU MP restored: 3
h - a hand axe Wield which item (- for none, * to show all)? (? for menu, Esc to quit)
h - a +0 hand axe (weapon)
There is an open door here.
A hobgoblin comes into view.
The hobgoblin shouts!
Casting: Flame Tongue
Confirm with . or Enter, or press ? or * to list all spells.
Aiming: Flame Tongue
Press: ? - help, Shift-Dir - straight line, f - hobgoblin
Aim: a hobgoblin The flame tongue hits the hobgoblin.
The hobgoblin is almost dead.
You now have 2/3 mp.
Casting: Flame Tongue
Confirm with . or Enter, or press ? or * to list all spells.
Aiming: Flame Tongue
Press: ? - help, Shift-Dir - straight line, f/p - hobgoblin
Aim: a hobgoblin (almost dead)
You miscast Flame Tongue.
You are very lightly contaminated with residual magic.
Strange energies run through your body. The hobgoblin barely misses you.
You now have 1/3 mp.
Casting: Flame Tongue
Confirm with . or Enter, or press ? or * to list all spells.
Aiming: Flame Tongue
Press: ? - help, Shift-Dir - straight line, f/p - hobgoblin
Aim: a hobgoblin (almost dead)
The flame tongue hits the hobgoblin.
You kill the hobgoblin!
You now have 0/3 mp.
Your magical contamination has completely faded away.
You now have 22 gold pieces (gained 11).
A giant cockroach comes into view.
MP restored: 3
Casting: Flame Tongue
Confirm with . or Enter, or press ? or * to list all spells.
Aiming: Flame Tongue
Press: ? - help, Shift-Dir - straight line, f - giant cockroach
Aim: a giant cockroach The flame tongue hits the giant cockroach.
The giant cockroach is heavily wounded.
You now have 2/3 mp.
Casting: Flame Tongue
Confirm with . or Enter, or press ? or * to list all spells.
Aiming: Flame Tongue
Press: ? - help, Shift-Dir - straight line, f/p - giant cockroach
Aim: a giant cockroach (heavily wounded)
The flame tongue hits the giant cockroach.
The giant cockroach appears unharmed.
The giant cockroach is heavily wounded.
The giant cockroach closely misses you.
You now have 1/3 mp.
Casting: Flame Tongue
Confirm with . or Enter, or press ? or * to list all spells.
Aiming: Flame Tongue
Press: ? - help, Shift-Dir - straight line, f/p - giant cockroach
Aim: a giant cockroach (heavily wounded)
The flame tongue hits the giant cockroach.
You kill the giant cockroach!
You now have 0/3 mp.
A giant cockroach comes into view.
MP restored: 3
Casting: Flame Tongue
Confirm with . or Enter, or press ? or * to list all spells.
Aiming: Flame Tongue
Press: ? - help, Shift-Dir - straight line, f - giant cockroach
Aim: a giant cockroach The flame tongue hits the giant cockroach.
The giant cockroach is severely wounded.
You now have 2/3 mp.
Casting: Flame Tongue
Confirm with . or Enter, or press ? or * to list all spells.
Aiming: Flame Tongue
Press: ? - help, Shift-Dir - straight line, f/p - giant cockroach
Aim: a giant cockroach (severely wounded, clinging)
The flame tongue hits the giant cockroach.
You kill the giant cockroach!
You now have 1/3 mp.
You now have 37 gold pieces (gained 15).
A hobgoblin comes into view. It is wielding a club.
MP restored: 3
Casting: Flame Tongue
Confirm with . or Enter, or press ? or * to list all spells.
Aiming: Flame Tongue
Press: ? - help, Shift-Dir - straight line, f - hobgoblin
Aim: a hobgoblin, wielding a club The flame tongue hits the hobgoblin.
You kill the hobgoblin!
You have reached level 2!
Your demonic ancestry asserts itself...
You feel immune to rotting.
Health restored: 19 Are you sure you want to abandon this character and quit the game? (Confirm with "yes".)

█.█ ... .... █.█ ....
█.█.█ ..... █)█.█
..... █.█.█ ......
█.█.█████████
......██@█.........█
█....█.........█
██████.██.........█.
.....................
██████████.........█
███████.........█.
..................
███████.██████████
█.........█


There were no monsters in sight!

Vanquished Creatures
  A giant gecko (D:1)
  2 giant cockroaches (D:1)
  2 hobgoblins (D:1)
  A giant newt (D:1)
6 creatures vanquished.

Notes
Turn   | Place    | Note
--------------------------------------------------------------
     0 | D:1      | Goblin1989 the Demonspawn Fire Elementalist began the quest for the Orb.
     0 | D:1      | Reached XP level 1. HP: 13/13 MP: 3/3
   329 | D:1      | Gained mutation: You are immune to rotting. [demonic ancestry]
   329 | D:1      | Reached XP level 2. HP: 19/19 MP: 3/5
   330 | D:1      | Quit the game

Action                   || total
-------------------------++-------
 Cast: Flame Tongue      ||    10
Dodge: Dodged            ||     2

Vault maps used:
D:1:      mrwooster_arrival_arrow
